 Dungeon Crawl Stone Soup version 0.18.1-48-g4cf74bf (webtiles) character file.

1744 Krapule the Skirmisher (level 8, -3/73 HPs)
             Began as a Minotaur Fighter on July 1, 2016.
             Was an Initiate of Gozag.
             Killed by divine providence
             ... invoked by an orc priest
              (10 damage)
             ... on level 6 of the Dungeon.
             The game lasted 00:15:50 (4542 turns).

Krapule the Skirmisher (Minotaur Fighter)           Turns: 4542, Time: 00:15:51

Health: -3/73      AC: 11    Str: 21    XL:     8   Next: 77%
Magic:  7/7        EV: 10    Int:  5    God:    Gozag
Gold:   921        SH: 11    Dex: 12    Spells: 0 memorised, 7 levels left

rFire  + + +     SeeInvis .     a - +1 long sword
rCold  x x .     Gourm    .     p - +0 fire dragon armour
rNeg   . . .     Faith    .     c - +0 shield
rPois  .         Spirit   .     (helmet restricted)
rElec  .         Dismiss  .     (no cloak)
rCorr  .         Reflect  .     e - +0 pair of gloves
SustAt .         Harm     .     (no boots)
MR     .....                    (no amulet)
Stlth  ..........               s - ring of fire
                                (no ring)

@: not resistant to hostile enchantments, extremely unstealthy
A: retaliatory headbutt, horns 2
a: Potion Petition, Call Merchant, Bribe Branch, Renounce Religion


You were on level 6 of the Dungeon.
You worshipped Gozag.
Gozag was noncommittal.
You were not hungry.

You visited 1 branch of the dungeon, and saw 6 of its levels.
You also visited: Sewer.

You collected 941 gold pieces.
You paid 20 gold pieces to Gozag.

Inventory:

Hand Weapons
 a - a +1 long sword (weapon)
Missiles
 l - a throwing net (quivered)
Armour
 c - a +0 shield (worn)
 e - a +0 pair of gloves (worn)
 p - a +0 fire dragon armour (worn)
Jewellery
 s - a ring of fire (right hand)
Wands
 h - a wand of random effects (33/48)
 x - a wand of flame (33/48)
Scrolls
 k - 2 scrolls of magic mapping
 m - 3 scrolls of remove curse
 t - a scroll of enchant weapon
 u - 3 scrolls of teleportation
 v - 2 scrolls of identify {unknown}
 w - a scroll of amnesia
Potions
 b - a potion of haste {unknown}
 d - a potion of might
 g - a potion of lignification {unknown}
 i - a potion of mutation {unknown}
 j - 5 potions of curing {unknown}
 n - 4 potions of flight {unknown}
 o - 2 potions of heal wounds {unknown}
 q - 3 potions of degeneration {unknown}
 r - a potion of agility {unknown}
Books
 y - a book of Beasts

   Spells                             Type                      Level
   a - Summon Butterflies             Summoning                    1
   b - Call Canine Familiar           Summoning                    3
   c - Summon Ice Beast               Ice/Summoning                4
   d - Summon Mana Viper              Hexes/Summoning              5
   e - Summon Hydra                   Summoning                    7
Comestibles
 f - 6 bread rations


   Skills:
 + Level 7.3 Fighting
 + Level 6.3 Long Blades
 + Level 6.9 Armour
 + Level 5.1 Dodging
 + Level 7.1 Shields


You had 7 spell levels left.
You didn't know any spells.

Dungeon Overview and Level Annotations

Branches:
Dungeon (6/15)             Temple (0/1) D:6

Altars:
Ashenzari
Cheibriados
Dithmenos
Elyvilon
Gozag
Kikubaaqudgha
Nemelex Xobeh
Okawaru
Qazlal
Trog
Yredelemnul
Zin


Innate Abilities, Weirdness & Mutations

You reflexively headbutt those who attack you in melee.
You have a pair of horns on your head.


Message History

The orc priest calls upon Beogh to heal the orc.
The orc's wounds heal themselves!
You block the orc wizard's attack.
The orc priest mumbles some strange prayers to Beogh against you.
Beogh smites you!
* * * LOW HITPOINT WARNING * * *
You are too injured to fight recklessly!
You are too injured to fight recklessly!
You are too injured to fight recklessly!
You are too injured to fight recklessly!
You hit the orc wizard.
The orc wizard is moderately wounded.
The orc wizard hits you but does no damage.
The orc priest calls down the wrath of Beogh upon you.
Beogh smites you!
* * * LOW HITPOINT WARNING * * *
Unknown command.
The orc priest mumbles some strange prayers to Beogh against you.
Beogh smites you!
You die...
Your body crumbles into a pile of gold.

###.#..⌠...⌠..###
#.............#
###.........#.#
##.##.##.##.#
#...........#
..........#.#
........##.##
........###.#
.....# #@# $ ...
#o# ..# #.## ##o#
##o### #....###
#..##...#
#..#$..#.o....
#.......# #o...


You could see an orc priest, an orc wizard and an orc.

Vanquished Creatures
  The ghost of juanjsm the Changer, an amateur OpTm (Sewer)
  Duvessa (D:4)
  2 orc warriors
  A centaur (D:6)
  The ghost of daning the Charmwright, an amateur HESk (D:3)
  3 big kobolds (Sewer)
  A giant frog (D:5)
  Dowan (D:4)
  A howler monkey (D:3)
  A centaur skeleton (D:5)
  2 hounds
  A jelly (D:5)
  5 orc priests
  3 orc wizards
  An iguana (D:3)
  2 worker ants
  6 gnolls
  13 adders
  2 river rats
  2 oozes
  An adder skeleton (D:5)
  9 worms
  2 dart slugs (D:1)
  2 giant geckos
  29 orcs
  9 bats
  2 bat zombies (D:4)
  6 giant cockroaches
  9 hobgoblins
  11 jackals
  9 kobolds
  5 quokkas
  3 ball pythons
  5 giant newts
  8 goblins
  8 rats
168 creatures vanquished.

Notes
Turn   | Place    | Note
--------------------------------------------------------------
     0 | D:1      | Krapule the Minotaur Fighter began the quest for the Orb.
     0 | D:1      | Reached XP level 1. HP: 19/19 MP: 0/0
   101 | D:1      | Reached XP level 2. HP: 27/27 MP: 1/1
   158 | D:1      | Reached skill level 1 in Dodging
   280 | D:1      | Reached XP level 3. HP: 33/33 MP: 2/2
   496 | D:2      | Found a faded altar to an unknown god.
   555 | D:2      | Reached XP level 4. HP: 41/41 MP: 3/3
   806 | D:2      | Found a sparkling altar of Nemelex Xobeh.
   806 | D:2      | Found a glowing silver altar of Zin.
   809 | D:2      | Found an opulent altar of Gozag.
   846 | D:2      | Became a worshipper of Gozag Ym Sagoz the Greedy
  1188 | D:2      | Reached XP level 5. HP: 47/47 MP: 4/4
  1580 | D:3      | Noticed daning's ghost (amateur HESk)
  1598 | D:3      | Killed daning's ghost
  1598 | D:3      | Reached skill level 5 in Fighting
  1730 | D:3      | Reached XP level 6. HP: 41/56 MP: 5/5
  2083 | D:3      | Reached skill level 5 in Shields
  2329 | D:3      | Reached skill level 5 in Armour
  2641 | D:4      | Reached XP level 7. HP: 33/62 MP: 6/6
  2703 | D:4      | Noticed Duvessa
  2706 | D:4      | Noticed Dowan
  2824 | D:4      | Killed Duvessa
  2831 | D:4      | Killed Dowan
  2924 | D:4      | Found a basalt altar of Yredelemnul.
  2940 | D:4      | Found a bloodstained altar of Trog.
  3076 | D:4      | Found an ancient bone altar of Kikubaaqudgha.
  3134 | D:4      | Found a shattered altar of Ashenzari.
  3134 | D:4      | Found a white marble altar of Elyvilon.
  3137 | D:4      | Found a stormy altar of Qazlal.
  3184 | D:4      | Found an iron altar of Okawaru.
  3186 | D:4      | Found a snail-covered altar of Cheibriados.
  3336 | D:5      | Entered Level 5 of the Dungeon
  3387 | D:5      | Found a glowing drain.
  3424 | Sewer    | Entered a sewer
  3501 | Sewer    | Noticed juanjsm's ghost (amateur OpTm)
  3523 | Sewer    | Reached skill level 5 in Long Blades
  3527 | Sewer    | Killed juanjsm's ghost
  3634 | Sewer    | Reached XP level 8. HP: 69/71 MP: 7/7
  3991 | D:5      | Found a shadowy altar of Dithmenos.
  4251 | D:6      | Reached skill level 5 in Dodging
  4465 | D:6      | Found a staircase to the Ecumenical Temple.
  4542 | D:6      | Killed from afar by an orc priest

Skill      XL: |  1  2  3  4  5  6  7  8 |
---------------+-------------------------+-----
Dodging        | 1 2 3 4 5 |  5.1
Fighting       | 4 5 6 7 |  7.3
Armour         | 4 5 6 |  6.9
Long Blades    | 3 4 5 6 |  6.3
Shields        | 4 5 6 7 |  7.1

Action                   |  1- 3 |  4- 6 |  7- 9 || total
-------------------------+-------+-------+-------++-------
Melee: Long sword        |    98 |   222 |   226 ||   546
       Headbutt          |    16 |    37 |    28 ||    81
  Use: Scroll            |       |     1 |     9 ||    10
 Stab: Distracted        |       |     1 |     1 ||     2
  Eat: Fruit             |       |     5 |       ||     5
       Pizza             |       |     1 |       ||     1
       Meat ration       |       |       |     2 ||     2
Armor: Scale mail        |    39 |    30 |       ||    69
       Fire dragon armou |       |    77 |    88 ||   165
Dodge: Dodged            |    24 |    85 |    66 ||   175
Block: Shield            |    48 |   123 |   120 ||   291
